 Dungeon Crawl Stone Soup version 0.28.0-53-g5a82cb258f (webtiles) character file.

Game seed: 1912584994602597146

16 Descartes the Grasshopper (level 2, -1/17 (22) HPs)
             Began as a Formicid Warper on May 24, 2022.
             Succumbed to an adder's poison
             ... on level 2 of the Dungeon.
             The game lasted 00:02:36 (1313 turns).

Descartes the Grasshopper (Formicid Warper)         Turns: 1313, Time: 00:02:37

HP:   -1/17 (22)    AC:  3    Str: 15    XL:     2   Next: 70%
MP:   5/5           EV: 11    Int: 12    God:
Gold: 31            SH:  0    Dex: 10    Spells: 5/5 levels left

rFire   . . .      SeeInvis +   a - +0 hand axe
rCold   . . .      Faith    .   (no shield)
rNeg    . . .      Spirit   .   b - +0 leather armour
rPois   .          Reflect  .   (helmet unavailable)
rElec   .          Harm     .   (no cloak)
rCorr   .          Rampage  .   (no gloves)
Will    .....                   (no boots)
Stlth   +.........              (no amulet)
HPRegen 0.05/turn               (no ring)
MPRegen 0.09/turn               (no ring)

@: lethally poisoned (-1 -> -8), heavily drained
A: permanent stasis, dig shafts and tunnels, antennae 3, four strong arms
a: Dig, Shaft Self


You were on level 2 of the Dungeon.
You visited 1 branch of the dungeon, and saw 2 of its levels.

You collected 31 gold pieces.

Inventory:

Hand Weapons
 a - a +0 hand axe (weapon)
Missiles
 c - 5 boomerangs of dispersal (quivered)
 f - 6 boomerangs
Armour
 b - a +0 leather armour (worn)
Jewellery
 h - an amulet of faith
Scrolls
 d - 2 scrolls of enchant armour {unknown}
 j - a scroll of brand weapon {unknown}
 k - a scroll of blinking {unknown}
Potions
 e - a potion of attraction {unknown}
 g - 2 potions of curing {unknown}
 i - a potion of degeneration {unknown}


   Skills:
 - Level 2.2 Fighting
 + Level 2.4 Axes
 - Level 1.1 Throwing
 + Level 1.8 Armour
 - Level 1.8 Dodging
 - Level 2.2 Spellcasting
 - Level 2.7 Translocations


You had 5 spell levels left.
You didn't know any spells.
Your spell library contained the following spells:

 Spells                   Type           Power      Damage    Failure   Level
 Animate Skeleton         Necr           2%         N/A       32%         1
 Pain                     Necr           4%         1d4       32%         1
 Gell's Gravitas          Tloc           7%         N/A       32%         3
 Lesser Beckoning         Tloc           7%         N/A       32%         3
 Teleport Other           Tloc           7%         N/A       32%         3
 Vampiric Draining        Necr           1%         2d6       69%         3
 Manifold Assault         Tloc           7%         N/A       96%         5
 Blink                    Tloc           Unusable   N/A       N/A         2

Dungeon Overview and Level Annotations

Branches:
Dungeon (2/15)

Altars:


Innate Abilities, Weirdness & Mutations

You cannot be hasted, slowed, berserked, paralysed or teleported.
You can dig through walls and to a lower floor.
You have a pair of large antennae on your head. (SInv)
Your four strong arms can wield two-handed weapons with a shield.


Message History

You hit the goblin.
You kill the goblin!
Things that are here:
a +0 dagger; a goblin corpse; a giant cockroach corpse Welcome back, Descartes the Formicid Warper.
Press ? for a list of commands and other information.
HP restored.
There is an open door here.
Found 9 stones.
You sense a monster nearby.
An adder comes into view.
The adder hisses angrily.
A kobold comes into view. It is wielding a +0 dagger.
The kobold shouts!
You hit the adder.
The adder is severely wounded.
The adder bites you.
You are poisoned.
The adder poisons you! The adder bites you.
You hit the adder.
The adder is severely wounded.
You feel sick. The adder closely misses you.
You hit the adder.
The adder is almost dead.
You feel sick. The adder barely misses you.
You closely miss the adder.
The adder is almost dead.
You feel sick. The adder closely misses you.
A quokka comes into view.
The adder bites you.
You are lethally poisoned!
The adder poisons you!
You miss the adder.
The adder is almost dead.
* * * LOW HITPOINT WARNING * * *
You feel sick. The adder bites you.
* * * LOW HITPOINT WARNING * * *
You closely miss the adder.
The adder is almost dead.
You die...

####.....(#
#.....###.#
###.....# #.#
#.......# #.#
###...###.###.#
#.'...+.......#
###
#.#...###.###.#
#.# #)#...# #.#
#.# #.# #.#...#
#@# ###
#.####.#...#
#S#
#......#...#
#K#
#<##########
#.# ### .r# ...
##. { .


You could see an adder, a quokka (wandering) and a kobold.

Vanquished Creatures
  A dart slug (D:1)
  2 ball pythons (D:1)
  An endoplasm (D:1)
  A giant cockroach (D:2)
  2 goblins
  2 kobolds (D:1)
  4 bats (D:1)
  A rat (D:1)
14 creatures vanquished.

Notes
Turn   | Place    | Note
-------+----------+-------------------------------------------
     0 | D:1      | Descartes the Formicid Warper began the quest for the Orb.
     0 | D:1      | Reached XP level 1. HP: 16/16 MP: 3/3
   354 | D:1      | Found a faded altar of an unknown god.
   403 | D:1      | Reached XP level 2. HP: 21/22 MP: 5/5
  1313 | D:2      | Succumbed to an adder's poison

Illustrated notes

Levels and vault maps discovered:
D:1:      amcnicky_arrival_abandoned_market, layout_loops_ring,
          basic_ecumenical_altar, fountainhead
D:2:      layout_basic, basic_altar, glass_columns_b, minmay_tetromino_t4

Action                   || total
-------------------------++-------
Melee: Hand axe          ||    56
       Punch             ||     1
Armor: Leather armour    ||    23
Dodge: Dodged            ||    51
